 Dungeon Crawl Stone Soup version 0.28.0-43-g3370ac3207 (webtiles) character file.

Game seed: 6972838479942698834

3 terff the Sneak (level 1, 0/14 HPs)
             Began as an Octopode Brigand on Mar 20, 2022.
             Was a Follower of Okawaru.
             Slain by a rat (2 damage)
             ... on level 1 of the Dungeon.
             The game lasted 00:00:34 (102 turns).

terff the Sneak (Octopode Brigand)                   Turns: 102, Time: 00:00:34

Health: 0/14       AC:  1    Str: 10    XL:     1   Next: 50%
Magic:  1/1        EV: 12    Int: 13    God:    Okawaru [*.....]
Gold:   0          SH:  0    Dex: 13    Spells: 0/0 levels left

rFire   . . .      SeeInvis .   a - +2 dagger
rCold   . . .      Faith    .   (no shield)
rNeg    . . .      Spirit   .   (helmet restricted)
rPois   .          Reflect  .   (no amulet)
rElec   .          Harm     .   (no ring)
rCorr   .          Rampage  .   (no ring)
Will    .....                   (no ring)
Stlth   ++++......              (no ring)
HPRegen 0.04/turn               (no ring)
MPRegen 0.07/turn               (no ring)
                                (no ring)
                                (no ring)

@: no status effects
A: almost no armour, amphibious, 8 rings, camouflage 1, gelatinous body 1,
(nimble swimmer 1), tentacles
a: Renounce Religion, Heroism


You were on level 1 of the Dungeon.
You worshipped Okawaru.
Okawaru was aware of your devotion.
You visited 1 branch of the dungeon, and saw 1 of its levels.

Inventory:

Hand Weapons
 a - a +2 dagger (weapon)
Missiles
 b - 8 poisoned darts (quivered)
 c - 2 curare-tipped darts


   Skills:
 + Level 2.0 Fighting
 + Level 2.0 Short Blades
 + Level 2.0 Throwing
 + Level 1.0 Dodging
 + Level 5.6 Stealth


You couldn't memorise any spells.
You didn't know any spells.
Your spell library was empty.

Dungeon Overview and Level Annotations

Branches:
Dungeon (1/15)

Altars:
Okawaru


Innate Abilities, Weirdness & Mutations

You cannot wear most types of armour.
You are amphibious.
You can wear up to eight rings at the same time.
Your skin changes colour to match your surroundings (Stealth+).
Your rubbery body absorbs attacks. (AC +1, EV +1)
((You are camouflaged when in or above water. (Stealth+)))
You have tentacles for arms and can constrict up to eight enemies at once.


Message History

Your squeeze misses the frilled lizard. You constrict the frilled lizard.
You kill the frilled lizard!
You see here a frilled lizard corpse.
The hobgoblin shouts!
The hobgoblin closely misses you.
You closely miss the hobgoblin. You grab the hobgoblin.
You squeeze the hobgoblin.
You kill the hobgoblin!
The giant cockroach bites you. The giant cockroach barely misses you.
You hit the giant cockroach but do no damage.
Your grab misses the giant cockroach. The giant cockroach closely misses you.
You closely miss the giant cockroach. Your grab misses the giant cockroach.
The giant cockroach bites you. The giant cockroach misses you.
The giant cockroach bites you. The giant cockroach barely misses you.
The giant cockroach closely misses you. The giant cockroach closely misses you.
A rat comes into view.
The giant cockroach bites you but does no damage.
Found a faded altar of an unknown god.
You open the door.
There is an open door here.
There is a faded altar of an unknown god here.
You cannot tell which god this altar belongs to.
Convert to them anyway?
Okawaru accepts your prayer! Okawaru welcomes you!
You can now gain great but temporary skills.
There is an open door here.
The rat bites you. The giant cockroach closely misses you.
The giant cockroach closely misses you. The rat closely misses you.
The giant cockroach misses you. The rat barely misses you.
The giant cockroach barely misses you. The rat barely misses you.
The giant cockroach bites you. The rat bites you.
* * * LOW HITPOINT WARNING * * *
The giant cockroach bites you.
* * * LOW HITPOINT WARNING * * *
The rat bites you.
You die...

#...≈≈≈##...#
#.#≈≈≈≈##...# ##≈
##'##≈≈≈≈#..##
#≈≈≈≈#...#≈≈≈≈...#
#########.
#≈≈≈≈#._.#≈≈≈≈##.#
#^.......
#≈≈≈≈#...#≈≈≈≈##.#
#......#
##≈≈≈#####≈≈≈≈##.#
#......# #≈≈≈≈≈≈≈≈≈≈≈###r#
#......#
##≈≈≈≈≈≈≈≈≈≈###@###......#
#≈≈≈≈≈≈≈≈...B..†....#
###≈≈≈##.......####.#
######....##.# ##.##
#..........# #≈≈≈#
#..........# #≈≈≈#
#..........# ##'##
####......## ##.##
#......# #...#


You could see a giant cockroach and a rat.

Vanquished Creatures
  A giant cockroach (D:1)
  A hobgoblin (D:1)
  A frilled lizard (D:1)
3 creatures vanquished.

Notes
Turn   | Place    | Note
-------+----------+-------------------------------------------
     0 | D:1      | terff the Octopode Brigand began the quest for the Orb.
     0 | D:1      | Reached XP level 1. HP: 14/14 MP: 1/1
    53 | D:1      | Found a faded altar of an unknown god.
    65 | D:1      | Prayed at the altar of an unknown god.
    65 | D:1      | Became a worshipper of Warmaster Okawaru
    65 | D:1      | Reached * piety under Okawaru
   102 | D:1      | Slain by a rat

Illustrated notes

Levels and vault maps discovered:
D:1:      sevenhm_arrival_forest_fort_small_1, layout_loops_cross,
          nicolae_ecumenical_lake_church

Action                   || total
-------------------------++-------
Melee: Dagger            ||     6
       Constrict         ||     2
       Tentacles         ||     1
 Stab: Sleeping          ||     1
Armor: Skin              ||     1
Dodge: Dodged            ||    14
